 Dungeon Crawl Stone Soup version 0.21-a0-513-gdcb3f5e (webtiles) character file.

56 BingusPrime the Poker (level 3, -7/28 HPs)
             Began as a Merfolk Gladiator on Dec 1, 2017.
             Mangled by Crazy Yiuf
             ... wielding a +3 quarterstaff of chaos
              (8 damage)
             ... on level 2 of the Dungeon.
             The game lasted 00:03:58 (878 turns).

BingusPrime the Poker (Merfolk Gladiator)            Turns: 878, Time: 00:04:00

Health: -7/28      AC:  4    Str: 14    XL:     3   Next: 95%
Magic:  3/3        EV: 14    Int:  7    God:
Gold:   44         SH:  0    Dex: 16    Spells: 2/2 levels left

rFire    . . .     SeeInvis .   a - +0 trident
rCold    . . .     Gourm    .   (no shield)
rNeg     . . .     Faith    .   b - +0 leather armour
rPois    .         Spirit   .   c - +0 helmet
rElec    .         Reflect  .   (no cloak)
rCorr    .         Harm     .   (no gloves)
MR       .....                  (no boots)
Stlth    +.........             (no amulet)
HPRegen  0.09/turn              (no ring)
MPRegen  0.08/turn              (no ring)

@: lethally poisoned (-7 -> -17), drained, invisible
A: change form in water, swift swim, stealthy swim
a: no special abilities


You were on level 2 of the Dungeon.
You were not hungry.

You visited 1 branch of the dungeon, and saw 2 of its levels.

You collected 44 gold pieces.

Inventory:

Hand Weapons
 a - a +0 trident (weapon)
Missiles
 d - 3 throwing nets (quivered)
Armour
 b - a +0 leather armour (worn)
 c - a +0 helmet (worn)
Scrolls
 e - a scroll of immolation {unknown}
 g - a scroll of identify {unknown}
Potions
 j - a potion of flight {unknown}
Comestibles
 f - a bread ration
 i - a fruit


   Skills:
 + Level 2.6(2.3) Fighting
 + Level 5.9(5.5) Polearms
 + Level 2.2(1.8) Throwing
 + Level 0.1(0.0) Armour
 + Level 4.5(4.1) Dodging


You had 2 spell levels left.
You didn't know any spells.

Dungeon Overview and Level Annotations

Branches:
Dungeon (2/15)

Altars:
Hepliaklqana

Annotations:
D:2 Crazy Yiuf


Message History

You hit Crazy Yiuf.
Crazy Yiuf is lightly wounded.
Crazy Yiuf hits you with a quarterstaff of chaos!
You feel drained.
You barely miss Crazy Yiuf.
Crazy Yiuf is lightly wounded.
Crazy Yiuf hits you with a quarterstaff of chaos!
* * * LOW HITPOINT WARNING * * *
You are lethally poisoned!
You hit Crazy Yiuf but do no damage.
Crazy Yiuf is lightly wounded.
* * * LOW HITPOINT WARNING * * *
You feel sick.
It was a potion of invisibility.
You fade into invisibility!
* * * LOW HITPOINT WARNING * * *
You feel sick.
Crazy Yiuf cries, "Powder!
Ghoul sow ena."
Crazy Yiuf hits you with a quarterstaff of chaos!
You die...

........(
.........
.........
......)..
#####
#.....[.#
#)..#
...###...
#...#
#.......#
#.g.#
#########
#@# # ♣.♣♣
♣♣.♣ ♣.♣♣
♣♣.♣ ♣♣.♣♣
##### #
♣♣...♣ #...#
# ♣....♣
#...########
##..##
#..†....(...


You could see Crazy Yiuf.

Vanquished Creatures
  2 adders (D:2)
  An ooze (D:2)
  2 worms (D:2)
  A dart slug (D:1)
  A leopard gecko (D:2)
  A goblin (D:1)
  6 hobgoblins
  10 kobolds
  3 rats
27 creatures vanquished.

Notes
Turn   | Place    | Note
-------+----------+-------------------------------------------
     0 | D:1      | BingusPrime the Merfolk Gladiator began the quest for the Orb.
     0 | D:1      | Reached XP level 1. HP: 16/16 MP: 1/1
    62 | D:2      | Found a hazy altar of Hepliaklqana.
   130 | D:2      | Reached XP level 2. HP: 7/22 MP: 2/2
   281 | D:2      | Reached skill level 5 in Polearms
   284 | D:2      | Found a faded altar of an unknown god.
   464 | D:1      | Reached XP level 3. HP: 24/28 MP: 3/3
   868 | D:2      | Found a runed door.
   872 | D:2      | Noticed Crazy Yiuf
   878 | D:2      | HP: 1/28 [poisoned by Crazy Yiuf]
   878 | D:2      | Mangled by Crazy Yiuf

Vault maps used:
D:1:      minmay_arrival_floating_metal, minmay_tetromino_i2
D:2:      grunt_gozag_breadcrumbs, lemuel_coloured_pillars_altar,
          chequers_ecumenical_altar_simple_redux, uniq_sigmund,
          uniq_crazy_yiuf_cottage

Skill      XL: |  1  2 |
---------------+-------+-----
Polearms       | 5 |  5.9
Fighting       | |  2.6
Throwing       | |  2.2
Armour         | |  0.1
Dodging        | |  4.5

Action                   || total
-------------------------++-------
Melee: Trident           ||   100
  Use: Potion            ||     1
Armor: Leather armour    ||    19
Dodge: Dodged            ||    49

Table legend:
 A = Spawn XP
 B = Non-spawn XP
 C = Spawn XP percentage of total XP
 D = Spawn monster count
 E = Non-spawn monster count
 F = Spawn count percentage of total count
 G = Total turns spent on level
                    A         B        C        D         E        F      G
               +---------+---------+-------+---------+---------+-------+---------
         Total |       0 |      80 |   0.0 |       0 |      27 |   0.0 |   878
               +---------+---------+-------+---------+---------+-------+---------
           D:1 |       0 |      24 |   0.0 |       0 |      15 |   0.0 |   450
           D:2 |       0 |      56 |   0.0 |       0 |      12 |   0.0 |   428
               +---------+---------+-------+---------+---------+-------+---------
